 Dungeon Crawl Stone Soup version 0.27-a0-633-gc6addc0a40 (webtiles) character file.

Game seed: 6630424476094471544

13178 spiderkeys the Cleaver (level 11, -1/101 HPs)
             Began as a Minotaur Berserker on Mar 14, 2021.
             Was a High Priest of Trog.
             Slain by a skeletal warrior
             ... wielding a +0 long sword
             ... led by a skeletal warrior
              (18 damage)
             ... on level 11 of the Dungeon.
             The game lasted 00:14:35 (8652 turns).

spiderkeys the Cleaver (Minotaur Berserker)         Turns: 8652, Time: 00:14:35

Health: -1/101     AC: 23    Str: 31    XL:     11   Next: 72%
Magic:  10/10      EV: 14    Int:  4    God:    Trog [*****.]
Gold:   455        SH:  0    Dex: 10    Spells: 10/10 levels left

rFire    . . .     SeeInvis .   D - +5 war axe
rCold    . . .     Faith    .   (no shield)
rNeg     . . .     Spirit   .   a - +9 ring mail "Suceloa" {Harm}
rPois    .         Reflect  .   (helmet restricted)
rElec    .         Harm     +   v - +2 cloak {Will+}
rCorr    .         Rampage  .   (no gloves)
Will     +....                  (no boots)
Stlth    ..........             i - amulet of regeneration
HPRegen  1.26/turn              k - +4 ring of protection
MPRegen  0.12/turn              d - +6 ring of strength

@: berserk cooldown, slowed, studying Shields, very slow
A: horns 2, retaliatory headbutt
a: Renounce Religion, Berserk, Trog's Hand, Brothers in Arms


You were on level 11 of the Dungeon.
You worshipped Trog.
Trog was extremely pleased with you.
You visited 1 branch of the dungeon, and saw 11 of its levels.

You collected 607 gold pieces.
You spent 152 gold pieces at shops.

Inventory:

Hand Weapons
 D - a +5 war axe (weapon)
Missiles
 f - 5 silver javelins
Armour
 a - the +9 ring mail "Suceloa" (worn) {Harm}
   (You found it on level 7 of the Dungeon)

   It increases damage dealt and taken.
 v - a +2 cloak of willpower (worn)
 I - a +0 plate armour of fire resistance
Jewellery
 d - a +6 ring of strength (left hand)
 i - an amulet of regeneration (around neck)
 k - a +4 ring of protection (right hand)
Wands
 e - a wand of random effects (40)
 u - a wand of polymorph (31)
 y - a wand of flame (40)
 A - a wand of charming (5)
 F - a wand of paralysis (3)
 H - a wand of acid (10)
Scrolls
 c - 2 scrolls of enchant armour
 j - 2 scrolls of enchant weapon
 m - 7 scrolls of teleportation
 s - 4 scrolls of immolation
 t - 6 scrolls of blinking
 E - a scroll of holy word
Potions
 b - 3 potions of attraction
 l - 2 potions of invisibility
 o - 2 potions of might
 p - 8 potions of curing
 q - 3 potions of haste
 r - 5 potions of ambrosia
 x - 2 potions of mutation
 z - a potion of heal wounds
 B - a potion of magic {unknown}
 G - 2 potions of flight {unknown}
 J - a potion of lignification {unknown}


   Skills:
 + Level 10.7 Fighting
 * Level 14.2 Axes
 + Level 10.4 Armour
 + Level 9.6 Dodging


You had 10 spell levels left.
You didn't know any spells.
Your spell library was empty.

Dungeon Overview and Level Annotations

Branches:
Dungeon (11/15)            Temple (0/1) D:7             Orc (0/2) D:10
   Lair: D:8-11

Altars:
Gozag

Shops:
D:4 :**!   D:5 [   D:10 =


Innate Abilities, Weirdness & Mutations

You have a pair of horns on your head.
You reflexively headbutt those who attack you in melee.


Message History

The skeletal warrior is severely damaged.
You hit the skeletal warrior. You headbutt the skeletal warrior!
The skeletal warrior is almost destroyed.
The skeletal warrior hits you from afar with a +0 halberd!
The skeletal warrior hits you but does no damage.
You slash the skeletal warrior!
You destroy the skeletal warrior!
Trog accepts your kill.
The skeletal warrior hits you with a +0 halberd.
Things that are here:
a +0 short sword; a +0 long sword; a +0 flail You hit the skeletal warrior but do no damage.
You headbutt the skeletal warrior!
The skeletal warrior is moderately damaged.
You closely miss the skeletal warrior.
The skeletal warrior is moderately damaged.
The skeletal warrior hits you with a +0 halberd.
You slash the skeletal warrior!
The skeletal warrior is heavily damaged.
You slash the skeletal warrior!
The skeletal warrior is severely damaged.
The skeletal warrior hits you with a +0 halberd.
You slash the skeletal warrior!
You destroy the skeletal warrior!
Trog accepts your kill.
You are no longer berserk.
You are exhausted.
You feel yourself slow down.
The skeletal warrior hits you but does no damage.
You see here a +0 halberd.
You barely miss the skeletal warrior. The skeletal warrior misses you.
You barely miss the skeletal warrior.
You headbutt the skeletal warrior, but do no damage.
The skeletal warrior hits you with a +0 long sword!
* * * LOW HITPOINT WARNING * * *
You hit the skeletal warrior.
Your headbutt misses the skeletal warrior.
The skeletal warrior is lightly damaged.
The skeletal warrior hits you with a +0 long sword!
You die...

##################
#..)@z..#........#
#.#####.#.######.#
#.# #.# #.# #.#
#.# #.# #.# #.#
#.# #.# #.# #.#
#.# #.# #.####
#.#######.# #.....
#.........# ######


You could see a skeletal warrior.

Vanquished Creatures
  4 two-headed ogres
  4 skeletal warriors (D:11)
  An unseen horror (D:11)
  The ghost of ShadowManNeo the Magician, a novice DrCj of Sif Muna (D:6)
  Pikel (D:9)
  A cyclops (D:11)
  A centaur zombie (D:11)
  Grum (D:9)
  A basilisk (D:11)
  Eustachio (D:4)
  Menkaure (D:4)
  A water moccasin (D:6)
  3 ice beasts
  4 sky beasts
  6 orc warriors
  A necrophage (D:10)
  2 wolves (D:9)
  5 ogres
  4 centaurs
  A lemure (D:9)
  6 bullfrogs
  3 kobold brigands
  2 scorpions (D:6)
  10 killer bees
  3 howler monkeys
  17 wights
  4 electric eels (D:10)
  A bullfrog zombie (D:8)
  A quasit (D:8)
  6 hounds
  3 jellies
  8 orc priests
  Crazy Yiuf (D:3)
  2 centaur skeletons (D:6)
  Natasha (thrice) (D:4)
  6 worker ants
  11 orc wizards
  3 hound skeletons
  A howler monkey zombie (D:7)
  A worker ant zombie (D:6)
  4 gnolls (D:3)
  11 adders
  2 shadow imps
  2 white imps (D:5)
  3 ufetubi
  An ooze (D:1)
  An adder skeleton (D:7)
  An adder zombie (D:5)
  3 worms
  2 dart slugs (D:1)
  8 leopard geckos
  23 orcs
  9 giant cockroaches
  6 goblins
  7 hobgoblins
  7 quokkas
  2 ball pythons
  7 bats
  8 frilled lizards
  A jackal zombie (D:5)
  20 kobolds
  A leopard gecko zombie (D:6)
  A quokka zombie (D:10)
  9 rats
275 creatures vanquished.

Notes
Turn   | Place    | Note
-------+----------+-------------------------------------------
     0 | D:1      | spiderkeys the Minotaur Berserker began the quest for the
                  | Orb.
     0 | D:1      | Reached XP level 1. HP: 19/19 MP: 0/0
   404 | D:1      | Reached XP level 2. HP: 27/27 MP: 1/1
   522 | D:1      | Reached skill level 4 in Axes
  1129 | D:2      | Noticed a centaur
  1395 | D:2      | Killed a centaur
  1396 | D:2      | Reached skill level 5 in Axes
  1396 | D:2      | Reached XP level 3. HP: 34/34 MP: 2/2
  1396 | D:2      | Reached XP level 4. HP: 41/41 MP: 3/3
  1513 | D:2      | Reached ** piety under Trog
  2234 | D:3      | Found a runed translucent door.
  2235 | D:3      | Noticed Crazy Yiuf
  2276 | D:3      | Reached XP level 5. HP: 47/47 MP: 4/4
  2673 | D:3      | Killed Crazy Yiuf
  2674 | D:3      | Reached XP level 6. HP: 55/55 MP: 5/5
  2788 | D:4      | Reached skill level 6 in Axes
  2813 | D:4      | Reached skill level 5 in Fighting
  2986 | D:4      | Reached *** piety under Trog
  3004 | D:4      | Noticed Natasha
  3011 | D:4      | Killed Natasha
  3078 | D:4      | Found Siuzideq's Distillery.
  3084 | D:4      | Noticed Natasha
  3089 | D:4      | Killed Natasha
  3091 | D:4      | Bought a potion of heal wounds for 70 gold pieces
  3091 | D:4      | Bought a potion of curing for 42 gold pieces
  3114 | D:4      | Found Ofies's Book Boutique.
  3249 | D:4      | Noticed Eustachio
  3254 | D:4      | Reached XP level 7. HP: 61/61 MP: 6/6
  3266 | D:4      | Noticed Natasha
  3283 | D:4      | Killed Natasha
  3286 | D:4      | Killed Eustachio
  3287 | D:4      | Reached skill level 7 in Axes
  3287 | D:4      | Reached skill level 5 in Armour
  3418 | D:4      | Found Loaqogh's General Store.
  3424 | D:4      | Found Pusoe's Assorted Antiques.
  3432 | D:4      | Bought a scroll labelled JANIZUIRAE for 20 gold pieces
  3432 | D:4      | Bought a scroll labelled DARPHO ZEXANKU for 20 gold pieces
  3648 | D:4      | Noticed Menkaure
  3653 | D:4      | Killed Menkaure
  3884 | D:5      | Entered Level 5 of the Dungeon
  3920 | D:5      | Found an opulent altar of Gozag.
  4013 | D:5      | Reached skill level 8 in Axes
  4013 | D:5      | Reached skill level 5 in Dodging
  4013 | D:5      | Reached XP level 8. HP: 70/70 MP: 7/7
  4095 | D:5      | Reached **** piety under Trog
  4151 | D:5      | Found Wutydiqi's Armour Shoppe.
  4606 | D:6      | Found a runed translucent door.
  4606 | D:6      | Noticed ShadowManNeo's ghost (novice DrCj)
  4719 | D:6      | Killed ShadowManNeo's ghost
  4720 | D:6      | Reached skill level 9 in Axes
  4874 | D:6      | Noticed a two-headed ogre
  4886 | D:6      | Reached XP level 9. HP: 79/79 MP: 8/8
  4891 | D:6      | Killed a two-headed ogre
  4892 | D:6      | Reached skill level 10 in Axes
  5362 | D:7      | Identified the +9 ring mail "Suceloa" {Harm}
  5479 | D:7      | Reached ***** piety under Trog
  5480 | D:7      | Reached skill level 11 in Axes
  5640 | D:7      | Found a staircase to the Ecumenical Temple.
  5863 | D:8      | Reached XP level 10. HP: 82/90 MP: 9/9
  5905 | D:8      | Noticed a two-headed ogre
  5912 | D:8      | Killed a two-headed ogre
  6071 | D:8      | Noticed a two-headed ogre
  6087 | D:8      | Killed a two-headed ogre
  6088 | D:8      | Reached skill level 12 in Axes
  6579 | D:9      | Noticed Grum
  6591 | D:9      | Killed Grum
  6801 | D:9      | Noticed Pikel
  6810 | D:9      | Killed Pikel
  7255 | D:10     | Entered Level 10 of the Dungeon
  7355 | D:10     | Reached skill level 13 in Axes
  7355 | D:10     | Reached XP level 11. HP: 84/99 MP: 10/10
  7526 | D:10     | Found a staircase to the Orcish Mines.
  7537 | D:10     | Received a gift from Trog
  7762 | D:10     | Noticed a two-headed ogre
  7767 | D:10     | Killed a two-headed ogre
  7768 | D:10     | Reached skill level 10 in Fighting
  7821 | D:10     | Found Xunataol's Jewellery Emporium.
  8389 | D:11     | Killed an unseen horror
  8440 | D:11     | Reached skill level 10 in Armour
  8605 | D:11     | Noticed a skeletal warrior
  8605 | D:11     | Noticed a skeletal warrior
  8605 | D:11     | Noticed a skeletal warrior
  8605 | D:11     | Noticed a skeletal warrior
  8608 | D:11     | Noticed a skeletal warrior
  8613 | D:11     | Killed a skeletal warrior
  8634 | D:11     | Killed a skeletal warrior
  8635 | D:11     | Reached skill level 14 in Axes
  8642 | D:11     | Killed a skeletal warrior
  8648 | D:11     | Killed a skeletal warrior
  8652 | D:11     | Slain by a skeletal warrior

Illustrated notes

Levels and vault maps discovered:
D:1:      dpeg_arrival_pond, layout_basic
D:2:      layout_loops_ring
D:3:      lemuel_upstairs_altar, layout_rooms, uniq_crazy_yiuf_cottage
D:4:      layout_loops_corners, serial_shops, shop, kennysheep_little_box,
          nicolae_shop_statue_plus, shop, hangedman_decor_peaks_small,
          uniq_eustachio, uniq_menkaure, uniq_natasha
D:5:      layout_basic, old_standard_altar, serial_shops,
          nicolae_shop_waterfront
D:6:      layout_cave_pools, hellmonk_ghost_happy_afterlife, minmay_manual_mail
D:7:      layout_rooms, minmay_temple_entry_hall
D:8:      layout_basic, serial_park_tiny_1
D:9:      layout_cave_pods, kennysheep_generic_room_3, uniq_grum, uniq_pikel
D:10:     layout_basic, david_orc_3, serial_shops, nicolae_shop_crystal
D:11:     layout_basic, erik_lair_orcish_takeover, grunt_decor_junction

Skill      XL: |  1  2  3  4  5  6  7  8  9 10 11 |
---------------+----------------------------------+-----
Axes           | 5 6 8 9 11 13 14 | 14.2
Fighting       | 4 5 6 7 8 9 10 | 10.7
Armour         | 3 4 5 6 8 9 10 | 10.4
Dodging        | 3 4 5 6 7 8 9 |  9.6

Action                   |  1- 3 |  4- 6 |  7- 9 | 10-12 || total
-------------------------+-------+-------+-------+-------++-------
Melee: Hand axe          |    37 |   173 |   274 |       ||   484
       Headbutt          |     6 |    27 |    62 |    48 ||   143
       War axe           |       |       |    70 |   234 ||   304
Invok: Berserk           |     1 |     3 |     5 |     3 ||    12
  Use: Scroll            |       |       |       |    20 ||    20
       Potion            |       |       |       |     2 ||     2
Armor: Animal skin       |     2 |       |       |       ||     2
       Chain mail        |     6 |    93 |   175 |       ||   274
       Ring mail         |       |       |    22 |   152 ||   174
Dodge: Dodged            |    19 |    66 |   142 |   149 ||   376

Table legend: (Time is in decaauts)
 A = Elapsed time spent in this place.
 B = Non-inter-level travel time spent in this place.
 C = Inter-level travel time spent in this place.
 D = Time resting spent in this place.
 E = Time spent auto-exploring this place.
 F = Levels seen in this place.
 G = Mean time per level.
                   A        B        C        D        E       F      G
               +--------+--------+--------+--------+--------+-----+--------+
         Total |   8718 |   8400 |    318 |    780 |   6052 |  11 |  792.5 |
       Dungeon |   8718 |   8400 |    318 |    780 |   6052 |  11 |  792.5 |
               +--------+--------+--------+--------+--------+-----+--------+

Top non-repeatable levels by time:
     D:1: 1385 daAuts
     D:4: 1137 daAuts
    D:10: 1062 daAuts
     D:9: 858 daAuts
     D:2: 833 daAuts
     D:6: 753 daAuts
     D:5: 672 daAuts
     D:8: 597 daAuts
     D:3: 587 daAuts
     D:7: 479 daAuts
    D:11: 350 daAuts
